 Dungeon Crawl Stone Soup version 0.20.0-6-gd3061e9 (webtiles) character file.

298 Gorglomux the Gusty (level 6, 0/32 HPs)
             Began as a Tengu Air Elementalist on May 28, 2017.
             Slain by a big kobold
             ... wielding a +0 short sword
              (4 damage)
             ... in a sewer.
             The game lasted 00:04:19 (3402 turns).

Gorglomux the Gusty (Tengu Air Elementalist)        Turns: 3402, Time: 00:04:19

Health: 0/32       AC:  3    Str:  8    XL:     6   Next: 35%
Magic:  0/10       EV: 12    Int: 18    God:
Gold:   166        SH:  0    Dex: 14    Spells: 5/9 levels left

rFire    . . .     SeeInvis .   (no weapon)
rCold    . . .     Gourm    .   (no shield)
rNeg     . . .     Faith    .   a - +0 robe
rPois    .         Spirit   .   (helmet restricted)
rElec    .         Reflect  .   h - +0 cloak
rCorr    .         Harm     .   (no gloves)
MR       .....                  (boots unavailable)
Stlth    ++........             (no amulet)
Regen    0.1/turn               (no ring)
MPRegen  0.2/turn               (no ring)

@: no status effects
A: beak, talons 3, able to fly 1
a: Fly


You were in a sewer.
You were hungry.

You visited 1 branch of the dungeon, and saw 4 of its levels.
You also visited: Sewer.

You collected 166 gold pieces.

Inventory:

Armour
 a - a +0 robe (worn)
 h - a +0 cloak (worn)
 P - a +0 cloak
Scrolls
 g - a scroll of immolation
 j - 4 scrolls of remove curse
 R - a scroll of identify
 T - a scroll of enchant weapon {unknown}
 V - a scroll of fog {unknown}
 W - 3 scrolls of amnesia {unknown}
Potions
 k - a potion of magic
 l - a potion of berserk rage
 n - 2 potions of brilliance
 o - 3 potions of lignification
 p - a potion of resistance {unknown}
 Q - 3 potions of curing
 S - 2 potions of might
 Z - a potion of haste {unknown}
Books
 b - a book of Air

   Spells                             Type                      Level
   a - Shock                          Conjuration/Air              1
   b - Swiftness                      Charms/Air                   2
   c - Static Discharge               Conjuration/Air              3
   d - Airstrike                      Air                          4
   e - Lightning Bolt                 Conjuration/Air              5
 X - a book of Misfortune

   Spells                             Type                      Level
   a - Confusing Touch                Hexes                        1
   b - Confuse                        Hexes                        3
   c - Gell's Gravitas                Translocation                3
   d - Petrify                        Transmutation/Earth          4
   e - Metabolic Englaciation         Hexes/Ice                    5
   f - Yara's Violent Unravelling     Hexes/Transmutation          5
 Y - a book of Cantrips

   Spells                             Type                      Level
   a - Confusing Touch                Hexes                        1
   b - Animate Skeleton               Necromancy                   1
   c - Summon Small Mammal            Summoning                    1
   d - Apportation                    Translocation                1
Comestibles
 c - 2 bread rations
 d - 3 royal jellies
 z - a meat ration
 O - 4 chunks of flesh
 U - 3 fruits


   Skills:
 - Level 2.1 Dodging
 - Level 2.0 Stealth
 + Level 2.3 Spellcasting
 + Level 5.8 Conjurations
 + Level 6.7 Air Magic


You had 5 spell levels left.
You knew the following spells:

 Your Spells              Type           Power        Failure   Level  Hunger
a - Shock                 Conj/Air       ###.         1%          1    #......
b - Static Discharge      Conj/Air       ###.....     3%          3    ###....


Dungeon Overview and Level Annotations

Branches:
Dungeon (4/15)
 Temple: D:4-7

Altars:
Ashenzari
Yredelemnul
The Shining One


Innate Abilities, Weirdness & Mutations

You have a beak for a mouth.
You have claws for feet.
You can fly.


Message History

Press: ? - help, Shift-Dir - straight line, p - big kobold The zap hits the big kobold.
The big kobold is severely wounded.
The big kobold hits you with a short sword.
* * * LOW HITPOINT WARNING * * *
Casting: Shock
Confirm with . or Enter, or press ? or * to list all spells.
Aiming: Shock
Press: ? - help, Shift-Dir - straight line The zap hits the big kobold.
The big kobold is severely wounded.
The big kobold hits you with a short sword.
* * * LOW HITPOINT WARNING * * *
Casting: Shock
Confirm with . or Enter, or press ? or * to list all spells.
Aiming: Shock
Press: ? - help, Shift-Dir - straight line The zap misses the big kobold.
The big kobold hits you with a short sword.
You die...

≈≈≈≈≈≈≈≈
≈≈≈≈≈≈≈
#######
#[.#.?#
.....# ≈≈
##.).## ≈≈≈
#..)..#
≈≈≈≈#.@...#
≈≈≈≈###K###
≈≈≈≈≈≈.(.##
≈≈≈≈≈≈....#
≈≈≈≈≈≈≈...#
≈≈≈≈≈≈....##
≈≈≈≈≈≈.....#
≈≈≈≈≈≈.....#
≈≈≈≈≈......#


You could see a big kobold.

Vanquished Creatures
  A scorpion (D:3)
  A howler monkey (D:4)
  A hound (D:3)
  A worker ant (D:4)
  A hound skeleton (D:4)
  3 adders (D:3)
  2 river rats
  A shadow imp (D:3)
  An ooze (D:1)
  3 dart slugs
  4 leopard geckos
  6 orcs (D:3)
  2 giant cockroaches
  6 goblins
  7 hobgoblins
  7 jackals
  A quokka (D:2)
  6 bats
  4 frilled lizards
  11 kobolds
  13 rats
82 creatures vanquished.

Notes
Turn   | Place    | Note
-------+----------+-------------------------------------------
     0 | D:1      | Gorglomux the Tengu Air Elementalist began the quest for the Orb.
     0 | D:1      | Reached XP level 1. HP: 10/10 MP: 4/4
   290 | D:1      | Reached XP level 2. HP: 8/15 MP: 0/6
   795 | D:1      | Reached skill level 3 in Conjurations
   795 | D:1      | Reached XP level 3. HP: 18/19 MP: 3/7
  1231 | D:2      | Learned a level 3 spell: Static Discharge
  1473 | D:2      | Found a glowing golden altar of the Shining One.
  1473 | D:2      | Found a shattered altar of Ashenzari.
  2027 | D:2      | Reached skill level 5 in Air Magic
  2039 | D:2      | Reached XP level 4. HP: 24/24 MP: 3/8
  2238 | D:3      | Gained mutation: You can fly. [Tengu growth]
  2238 | D:3      | Reached XP level 5. HP: 16/28 MP: 1/9
  2740 | D:3      | Reached skill level 6 in Air Magic
  3050 | D:4      | Found a basalt altar of Yredelemnul.
  3153 | D:4      | Reached XP level 6. HP: 28/32 MP: 5/10
  3321 | D:4      | Found a glowing drain.
  3325 | Sewer    | Entered a sewer
  3402 | Sewer    | Slain by a big kobold

Skill      XL: |  1  2  3  4  5 |
---------------+----------------+-----
Conjurations   | 2 3 4 5 |  5.8
Air Magic      | 5 6 |  6.7
Dodging        | |  2.1
Stealth        | |  2.0
Spellcasting   | |  2.3

Action                   |  1- 3 |  4- 6 || total
-------------------------+-------+-------++-------
Melee: Unarmed           |    48 |     8 ||    56
       Peck              |     5 |       ||     5
       Kick              |     6 |       ||     6
 Cast: Shock             |    58 |    94 ||   152
       Static Discharge  |     3 |     2 ||     5
  Use: Scroll            |     4 |     4 ||     8
 Stab: Sleeping          |     2 |       ||     2
  Eat: Chunk             |     5 |     5 ||    10
Armor: Robe              |    24 |     6 ||    30
Dodge: Dodged            |    42 |    17 ||    59
